 Dungeon Crawl Stone Soup version 0.31-a0-358-gac0dbeb3ab (webtiles) character file.

Game seed: 8305010888114635512

116 AdnanSaban the Trooper (level 5, -1/33 HPs)
             Began as a Gargoyle Fighter on July 25, 2023.
             Killed by divine providence
             ... invoked by an orc priest
              (11 damage)
             ... on level 3 of the Dungeon.
             The game lasted 00:01:11 (1275 turns).

AdnanSaban the Trooper (Gargoyle Fighter)           Turns: 1275, Time: 00:01:12

Health: -1/33      AC: 14    Str: 22    XL:     5   Next: 1%
Magic:  5/5        EV: 13    Int:  8    God:
Gold:   95         SH:  5    Dex: 15    Spells: 4/4 levels left

rFire   . . .        a - +0 flail
rCold   . . .        c - +0 buckler
rNeg    + . .        j - +0 chain mail
rPois   ∞            (no helmet)
rElec   +            (no cloak)
rCorr   .            (no gloves)
SInv    .            o - +0 pair of boots
Will    .....        (no amulet) Stlth
                     g - +5 ring of evasion
HPRegen 0.25/turn    s - +6 ring of dexterity
MPRegen 0.09/turn

%: no passive effects
@: no status effects
A: sickness immunity, AC +4, negative energy resistance 1, electricity
resistance, torment resistance 1, petrification resistance
a: no special abilities


You were on level 3 of the Dungeon.
You visited 1 branch of the dungeon, and saw 3 of its levels.

You collected 95 gold pieces.

Inventory:

Hand Weapons
 a - a +0 flail (weapon)
Missiles
 l - 4 poisoned darts (quivered)
Armour
 c - a +0 buckler (worn)
 j - a +0 chain mail (worn)
 o - a +0 pair of boots (worn)
Jewellery
 g - a +5 ring of evasion (left hand)
 s - a +6 ring of dexterity (right hand)
Scrolls
 e - 2 scrolls of teleportation {unknown}
 f - a scroll of immolation {unknown}
 i - 3 scrolls of identify {unknown}
 k - a scroll of blinking {unknown}
 r - a scroll of amnesia {unknown}
Potions
 b - 2 potions of heal wounds {unknown}
 d - a potion of might
 h - 2 potions of haste {unknown}
 m - a potion of degeneration {unknown}
 n - a potion of curing {unknown}
 p - a potion of berserk rage {unknown}
 q - a potion of attraction {unknown}


   Skills:
 + Level 4.0 Fighting
 + Level 3.5 Maces & Flails
 + Level 3.9 Armour
 + Level 0.3 Dodging
 + Level 3.9 Shields


You had 4 spell levels left.
You didn't know any spells.
Your spell library was empty.

Dungeon Overview and Level Annotations

Branches:
Dungeon (3/15)

Altars:


Innate Abilities, Weirdness & Mutations

You are immune to sickness and miasma.
Your stone body is resilient. (AC +4)
You are immune to poison.
You resist negative energy. (rN+)
You are resistant to electric shocks. (rElec)
You are resistant to unholy torment.
You are immune to petrification.


Message History

You kill the goblin!
An orc priest comes into view. It is wielding a +0 flail.
The orc priest shouts!
You hear a shout!
An orc comes into view. It is wielding a +0 flail.
You see here a +0 dagger.
An orc comes into view. It is wielding a +0 trident.
The orc shouts!
The giant cockroach barely misses you.
The orc moves out of view.
You closely miss the giant cockroach. The giant cockroach closely misses you.
The orc priest invokes the aid of Beogh against you.
Beogh smites you!
You thump the orc priest!
The orc priest is almost dead.
The giant cockroach misses you. The giant cockroach closely misses you.
The orc priest hits you but does no damage.
You thump the orc priest!
You kill the orc priest!
An orc priest comes into view. It is wielding a +0 club.
The giant cockroach misses you.
The orc priest hits you with a +0 flail.
The orc priest moves out of view.
Your Fighting skill increases to level 4!
You have reached level 5!
You hit the orc priest.
The orc priest is lightly wounded.
The giant cockroach closely misses you. The giant cockroach barely misses you.
The orc priest barely misses you.
You closely miss the orc priest.
The orc priest is lightly wounded.
The orc hits you from afar with a +0 trident.
The giant cockroach barely misses you.
The orc priest hits you but does no damage.
You closely miss the orc priest.
The orc priest is lightly wounded.
The orc priest shouts!
The giant cockroach closely misses you. The orc priest misses you.
The giant cockroach barely misses you. The orc hits you but does no damage.
The orc priest calls down the wrath of Beogh upon you.
Beogh smites you!
You die...

.. #. ... ###.. ###o#
....#.. ~..#.#
###..$....# .~..#.#
#.$.......#
~...#o##!.##.....#
#oBo..........#
##@).##......#
.##....#.......#
.....................# #.
## ..........###....###
#.###. ........#####....#
.....◎ #....## #.....#
##....####.########.....#
#..#....................#
.##................#....#


You could see 2 orc priests, 2 orcs and a giant cockroach.

Vanquished Creatures
  An orc priest (D:3)
  An orc wizard (D:3)
  An adder (D:2)
  A dart slug (D:1)
  2 orcs (D:3)
  3 ball pythons
  6 endoplasms
  3 giant cockroaches
  11 goblins
  2 hobgoblins (D:1)
  3 jackals (D:3)
  2 quokkas (D:1)
  A bat (D:2)
  A frilled lizard (D:1)
  3 kobolds
  4 rats
45 creatures vanquished.

Notes
Turn   | Place    | Note
-------+----------+-------------------------------------------
     0 | D:1      | AdnanSaban the Gargoyle Fighter began the quest for the
                  | Orb.
     0 | D:1      | Reached XP level 1. HP: 14/14 MP: 1/1
   107 | D:1      | Reached XP level 2. HP: 19/19 MP: 2/2
   256 | D:1      | Reached XP level 3. HP: 23/23 MP: 3/3
  1206 | D:3      | Reached XP level 4. HP: 29/29 MP: 4/4
  1273 | D:3      | Reached skill level 4 in Fighting
  1273 | D:3      | Reached XP level 5. HP: 14/33 MP: 5/5
  1275 | D:3      | Killed from afar by an orc priest

Illustrated notes

Levels and vault maps discovered:
D:1:      dpeg_arrival_rhombus, layout_rooms, item_on_display_a
D:2:      layout_basic, serial_park_tiny_pond, grunt_decor_resistance
D:3:      layout_rooms, lemuel_zombie_altar_yredelemnul, zin_scriptorium,
          nicolae_ru_awakened_eye

Skill      XL: |  1  2  3  4 |
---------------+-------------+-----
Maces & Flails | 3 |  3.5
Fighting       | 4 |  4.0
Armour         | |  3.9
Dodging        | |  0.3
Shields        | |  3.9

Action                     |  1- 3 |  4- 6 || total
---------------------------+-------+-------++-------
  Melee: Flail             |   109 |    12 ||   121
 Armour: Scale mail        |    15 |       ||    15
         Chain mail        |    30 |     8 ||    38
  Dodge: Dodged            |    87 |    15 ||   102
  Block: Buckler           |    31 |     1 ||    32

Table legend: (Time is in decaauts)
 A = Elapsed time spent in this place.
 B = Non-inter-level travel time spent in this place.
 C = Inter-level travel time spent in this place.
 D = Time resting spent in this place.
 E = Time spent auto-exploring this place.
 F = Levels seen in this place.
 G = Mean time per level.
                   A        B        C        D        E       F      G
               +--------+--------+--------+--------+--------+-----+--------+
         Total |   1309 |   1254 |     55 |      0 |    952 |   3 |  436.3 |
       Dungeon |   1309 |   1254 |     55 |      0 |    952 |   3 |  436.3 |
               +--------+--------+--------+--------+--------+-----+--------+

Top non-repeatable levels by time:
     D:1: 592 daAuts
     D:2: 586 daAuts
     D:3: 130 daAuts
